 Dungeon Crawl Stone Soup version 0.25.0-11-g1f837a76a1 (webtiles) character file.

Game seed: 16933693190991720223

391 Delamore the Cudgeler (level 6, 0/37 HPs)
             Began as a Gargoyle Fighter on June 24, 2020.
             Slain by a two-headed ogre
             ... wielding a +0 giant club
              (18 damage)
             ... on level 4 of the Dungeon.
             The game lasted 00:02:33 (3431 turns).

Delamore the Cudgeler (Gargoyle Fighter)            Turns: 3431, Time: 00:02:34

Health: 0/37       AC: 14    Str: 21    XL:     6   Next: 80%
Magic:  6/6        EV:  7    Int:  9    God:
Gold:   235        SH:  9    Dex:  9    Spells: 5/5 levels left

rFire    . . .     SeeInvis .   a - +0 flail
rCold    . . .     Gourm    .   c - +0 kite shield
rNeg     + . .     Faith    .   b - +0 scale mail
rPois    ∞         Spirit   .   g - +0 helmet
rElec    +         Reflect  .   p - +0 cloak
rCorr    .         Harm     .   v - +0 pair of gloves
MR       .....                  (no boots)
Stlth    ..........             (no amulet)
HPRegen  0.12/turn              (no ring)
MPRegen  0.10/turn              (no ring)

@: no status effects
A: negative energy resistance 1, electricity resistance, unbreathing,
petrification resistance, rot immunity, AC +4
a: no special abilities


You were on level 4 of the Dungeon.
You were not hungry.

You visited 1 branch of the dungeon, and saw 4 of its levels.

You collected 235 gold pieces.

Inventory:

Hand Weapons
 a - a +0 flail (weapon)
Missiles
 r - 8 poisoned darts (quivered)
Armour
 b - a +0 scale mail (worn)
 c - a +0 kite shield (worn)
 g - a +0 helmet (worn)
 p - a +0 cloak (worn)
 v - a +0 pair of gloves (worn)
Jewellery
 s - an uncursed ring of magical power
Wands
 o - a wand of iceblast (6)
Scrolls
 e - a scroll of remove curse {unknown}
 h - 3 scrolls of enchant armour {unknown}
 i - a scroll of magic mapping {unknown}
 j - a scroll of fog {unknown}
 l - 4 scrolls of teleportation {unknown}
 n - 5 scrolls of identify {unknown}
 u - 2 scrolls of enchant weapon {unknown}
Potions
 d - a potion of might
 k - a potion of mutation {unknown}
 m - a potion of stabbing {unknown}
 q - 3 potions of curing {unknown}
Comestibles
 f - 5 rations
 t - 8 chunks of flesh


   Skills:
 - Level 3.2 Fighting
 + Level 7.0 Maces & Flails
 - Level 3.2 Armour
 - Level 3.2 Shields


You had 5 spell levels left.
You didn't know any spells.
Your spell library was empty.

Dungeon Overview and Level Annotations

Branches:
Dungeon (4/15)
 Temple: D:4-7

Altars:
Cheibriados
Fedhas
Trog
Vehumet
Xom
Zin

Annotations:
D:3 1 runed translucent door


Innate Abilities, Weirdness & Mutations

You are resistant to torment.
Your stone body is resilient. (AC +4)
You are immune to poison.
You resist negative energy. (rN+)
You are resistant to electric shocks. (rElec)
You can survive without breathing.
You are immune to petrification.
You are immune to rotting.


Message History

The two-headed ogre is severely wounded.
The two-headed ogre hits you with a +0 giant club!
You block the two-headed ogre's attack.
You are too injured to fight recklessly!
You are too injured to fight recklessly!
You are too injured to fight recklessly!
You are too injured to fight recklessly!
You are too injured to fight recklessly!
You are too injured to fight recklessly!
You are too injured to fight recklessly!
You are too injured to fight recklessly!
You are too injured to fight recklessly!
You are too injured to fight recklessly!
You are too injured to fight recklessly!
You are too injured to fight recklessly!
Your shield prevents you from hitting the two-headed ogre.
The two-headed ogre is severely wounded.
You block the two-headed ogre's attack.
The two-headed ogre hits you with a +0 giant club!!
You die...

.# ..# #..# #... #..#
############
#..######..........##
#......'..........'.
#.#.@####..........##
#.O# #..........#
#)†# #..........#
#..## #..........##
#.#. ######......#
#..#. #.####.# #.. #.
#.####.# ..## ..
#.##.... #. .#
#.##...)


You could see a two-headed ogre.

Vanquished Creatures
  The ghost of endorz the Skirmisher, an amateur GrFi (D:3)
  Crazy Yiuf (D:2)
  An orc wizard (D:4)
  An orc priest (D:3)
  Jessica (D:2)
  A hound skeleton (D:3)
  5 adders
  3 worms (D:2)
  4 dart slugs
  4 leopard geckos
  9 orcs
  3 giant cockroaches
  9 goblins
  9 hobgoblins
  7 bats
  6 frilled lizards
  10 kobolds
  6 rats
81 creatures vanquished.

Notes
Turn   | Place    | Note
-------+----------+-------------------------------------------
     0 | D:1      | Delamore the Gargoyle Fighter began the quest for the Orb.
     0 | D:1      | Reached XP level 1. HP: 14/14 MP: 1/1
   147 | D:1      | Reached XP level 2. HP: 19/19 MP: 2/2
   239 | D:1      | Reached skill level 3 in Maces & Flails
   438 | D:1      | Reached XP level 3. HP: 23/23 MP: 3/3
   803 | D:2      | Noticed Jessica
   811 | D:2      | Killed Jessica
   811 | D:2      | Reached skill level 4 in Maces & Flails
   811 | D:2      | Reached XP level 4. HP: 28/28 MP: 4/4
  1536 | D:2      | Found a runed translucent door.
  1537 | D:2      | Noticed Crazy Yiuf
  1803 | D:2      | Killed Crazy Yiuf
  1803 | D:2      | Reached skill level 5 in Maces & Flails
  1803 | D:2      | Reached XP level 5. HP: 3/32 MP: 5/5
  2156 | D:3      | Found a runed translucent door.
  2189 | D:3      | Found a snail-covered altar of Cheibriados.
  2621 | D:3      | Found a runed translucent door.
  2641 | D:3      | Found a shimmering altar of Xom.
  2647 | D:3      | Found a glowing silver altar of Zin.
  2647 | D:3      | Found a bloodstained altar of Trog.
  2680 | D:3      | Found a blossoming altar of Fedhas.
  2690 | D:3      | Reached skill level 6 in Maces & Flails
  2826 | D:3      | Noticed endorz's ghost (amateur GrFi)
  2995 | D:3      | Reached XP level 6. HP: 33/37 MP: 6/6
  3012 | D:3      | Killed endorz's ghost
  3250 | D:4      | Found a radiant altar of Vehumet.
  3417 | D:4      | Reached skill level 7 in Maces & Flails
  3420 | D:4      | Noticed a two-headed ogre
  3431 | D:4      | Slain by a two-headed ogre

Illustrated notes

Levels and vault maps discovered:
D:1:      dpeg_arrival_rooms_c, layout_basic, minmay_octomino_j4
D:2:      layout_loops_cross, uniq_jessica, uniq_crazy_yiuf_cottage
D:3:      layout_basic, cheibriados_altar_1, grunt_temple_overflow_open,
          ebering_ghost_sewer_f
D:4:      layout_basic, lemuel_round_altar, first_ration, minmay_manual_mail

Skill      XL: |  1  2  3  4  5  6 |
---------------+-------------------+-----
Maces & Flails | 3 4 5 6 7 |  7.0
Fighting       | |  3.2
Armour         | |  3.2
Shields        | |  3.2

Action                   |  1- 3 |  4- 6 || total
-------------------------+-------+-------++-------
Melee: Flail             |   134 |   247 ||   381
  Eat: Chunk             |       |     9 ||     9
Armor: Scale mail        |    84 |   124 ||   208
Dodge: Dodged            |    41 |    76 ||   117
Block: Kite shield       |    85 |   123 ||   208
